 Dungeon Crawl Stone Soup version 0.29.1-15-g9cfb28693d (webtiles) character file.

Game seed: 7168062942426205860

30340 DildoBatman the Black Sun (level 13, 0/91 HPs)
             Began as a Formicid Conjurer on Mar 7, 2023.
             Was a High Priest of Kikubaaqudgha.
             Killed from afar by Azrael (29 damage)
             ... with a fireball
             ... on level 12 of the Dungeon.
             The game lasted 00:54:16 (16054 turns).

DildoBatman the Black Sun (Formicid Conjurer)      Turns: 16054, Time: 00:54:16

Health: 0/91       AC:  4    Str: 11    XL:     13   Next: 88%
Magic:  29/37      EV: 12    Int: 24    God:    Kikubaaqudgha [*****.]
Gold:   2161       SH:  0    Dex: 12    Spells: 12/35 levels left

rFire   . . .      SeeInvis +   b - +2 arbalest (flame)
rCold   . . .      Faith    +   (no shield)
rNeg    . . .      Spirit   .   O - +0 robe {Archmagi}
rPois   .          Reflect  .   (helmet unavailable)
rElec   .          Harm     .   P - +0 cloak
rCorr   +          Rampage  .   E - +0 pair of gloves
Will    +....      Archmagi +   (no boots)
Stlth   ++........              L - amulet of faith
HPRegen 0.25/turn               r - ring of magical power
MPRegen 0.25/turn               f - ring of resist corrosion

@: unable to drink
A: permanent stasis, dig shafts and tunnels, antennae 3, four strong arms,
inability to drink after injury 1
a: Dig, Shaft Self, Renounce Religion, Unearth Wretches, Torment


You were on level 12 of the Dungeon.
You worshipped Kikubaaqudgha.
Kikubaaqudgha was extremely pleased with you.
You visited 3 branches of the dungeon, and saw 15 of its levels.

You collected 2293 gold pieces.
You spent 132 gold pieces at shops.

Inventory:

Hand Weapons
 a - a +4 great sword of freezing
 b - a +2 arbalest of flaming (weapon)
 e - a +1 halberd of protection
Missiles
 h - 17 poisoned darts
 p - 9 atropa-tipped darts
 F - 3 throwing nets
Armour
 E - a +0 pair of gloves (worn)
 N - a +1 robe of positive energy
 O - a +0 robe of the Archmagi (worn)
 P - a +0 cloak (worn)
Magical Staves
 J - a staff of poison
Jewellery
 f - a ring of resist corrosion (right hand)
 r - a ring of magical power (left hand)
 K - a ring of flight
 L - an amulet of faith (around neck)
Wands
 G - a wand of mindburst (38)
 I - a wand of flame (1)
Scrolls
 i - a scroll of immolation
 j - 4 scrolls of fear
 k - a scroll of enchant armour
 q - a scroll of summoning
 v - a scroll of poison {unknown}
 w - a scroll of torment
 x - 2 scrolls of silence
 z - 4 scrolls of identify
 C - 2 scrolls of magic mapping
 Q - 3 scrolls of brand weapon {unknown}
Potions
 c - 2 potions of invisibility {unknown}
 d - 3 potions of mutation {unknown}
 g - 2 potions of magic
 l - 7 potions of curing
 m - 5 potions of flight {unknown}
 n - 2 potions of haste {unknown}
 o - 2 potions of resistance {unknown}
 s - 3 potions of heal wounds {unknown}
 t - a potion of degeneration {unknown}
 u - 4 potions of cancellation {unknown}
 y - 2 potions of ambrosia {unknown}
 A - 5 potions of brilliance
 B - 4 potions of might
 D - a potion of attraction {unknown}
 H - 2 potions of lignification {unknown}
 M - 3 potions of berserk rage {unknown}


   Skills:
 - Level 5.0 Fighting
 - Level 4.0 Ranged Weapons
 - Level 5.0 Armour
 - Level 3.0 Dodging
 - Level 2.4 Stealth
 * Level 11.6 Spellcasting
 - Level 6.0 Conjurations
 - Level 12.0 Necromancy
 - Level 6.0 Fire Magic
 - Level 4.0 Ice Magic
 - Level 12.0 Earth Magic


You had 12 spell levels left.
You knew the following spells:

 Your Spells              Type           Power      Damage    Failure   Level
a - Borgnjor's Vile Clut  Necr/Erth      41%        N/A       1%          5
b - Conjure Flame         Conj/Fire      59%        6-21      1%          3
c - Stone Arrow           Conj/Erth      100%       3d13      1%          3
d - Vampiric Draining     Necr           82%        2d11      1%          3
e - Mephitic Cloud        Conj/Pois/Air  35%        N/A       6%          3
h - Dispel Undead         Necr           82%        3d27      1%          4
z - Sublimation of Blood  Necr           82%        N/A       1%          2

Your spell library contained the following spells:

 Spells                   Type           Power      Damage    Failure   Level
 Freeze                   Ice            100%       1d11      1%          1
 Magic Dart               Conj           100%       1d8       1%          1
 Necrotise                Necr           100%       1d9       1%          1
 Sandblast                Erth           100%       2d20      1%          1
 Passwall                 Tmut/Erth      49%        N/A       1%          2
 Searing Ray              Conj           100%       2d8       1%          2
 Animate Dead             Necr           82%        N/A       1%          4
 Frozen Ramparts          Ice            98%        1d15      2%          3
 Sticky Flame             Conj/Fire      59%        2d7       3%          4
 Dazzling Flash           Conj/Hex       84%        N/A       4%          3
 Death Channel            Necr           41%        N/A       4%          6
 Ignite Poison            Fire/Tmut/Pois 35%        N/A       6%          3
 Hailstorm                Conj/Ice       54%        3d12      6%          4
 Call Imp                 Summ           20%        N/A       7%          2
 Corpse Rot               Necr/Pois/Air  49%        N/A       9%          4
 Fulminant Prism          Conj/Hex       21%        3d13      13%         4
 Iskenderun's Mystic Bla  Conj/Tloc      42%        2d10      13%         4
 Gell's Gravitas          Tloc           20%        N/A       14%         3
 Lesser Beckoning         Tloc           20%        N/A       14%         3
 Teleport Other           Tloc           20%        N/A       14%         3
 Simulacrum               Ice/Necr       34%        N/A       26%         6


Dungeon Overview and Level Annotations

Branches:
Dungeon (12/15)            Temple (1/1) D:4            Lair (0/5) D:8
    Orc (2/2) D:11            Elf (0/3) Orc:2

Altars:
Ashenzari
Cheibriados
Dithmenos
Elyvilon
Fedhas
Gozag
Hepliaklqana
Kikubaaqudgha
Makhleb
Nemelex Xobeh
Okawaru
Qazlal
Ru
Sif Muna
Trog
Uskayaw
Vehumet
Wu Jian
Xom
Yredelemnul
Zin
The Shining One

Shops:
D:3 (?   D:10 !*![   Orc:1 [   Orc:2 [=*(

Annotations:
D:12 Azrael


Innate Abilities, Weirdness & Mutations

You cannot be hasted, slowed, berserked, paralysed or teleported.
You can dig through walls and to a lower floor.
You have a pair of large antennae on your head. (SInv)
Your four strong arms can wield two-handed weapons with a shield.
You occasionally lose the ability to drink potions when taking damage.


Message History

You sense a monster nearby.
Azrael is nearby!
You start waiting.
Done waiting.
Azrael is nearby!
Casting: Borgnjor's Vile Clutch (dangerous; 1% risk of failure)
Confirm with . or Enter, or press ? or * to list all spells.
Aiming: Borgnjor's Vile Clutch (dangerous; 1% risk of failure)
Press: ? - help, Shift-Dir - straight line, f - Azrael
Aim: Azrael, wielding a +0 scimitar of flaming (100% to hit)
You feel a surge of power!
Zombie hands grab Azrael.
The zombie hands constrict Azrael!
Azrael gestures at you.
The fireball explodes!
The fireball engulfs you!!
You shoot a bolt.
The bolt hits Azrael but does no damage.
Azrael is lightly wounded.
The zombie hands constrict Azrael!
Azrael struggles to escape constriction.
Azrael escapes!
Casting: Borgnjor's Vile Clutch (dangerous; 1% risk of failure)
Confirm with . or Enter, or press ? or * to list all spells.
Aiming: Borgnjor's Vile Clutch (dangerous; 1% risk of failure)
Press: ? - help, Shift-Dir - straight line, f/p - Azrael
Aim: Azrael, wielding a +0 scimitar of flaming (moderately wounded, 100% to hit)
You feel a surge of power!
Zombie hands grab Azrael.
The zombie hands constrict Azrael.
Azrael gestures at you.
The fireball explodes!
The fireball engulfs you!!!
The zombie hands lose their grip on something.
Azrael gestures at you.
The fireball explodes!
The fireball engulfs you!!
You feel threatened and lose the ability to drink potions!
You die...
Kikubaaqudgha rasps: "You have failed me!
Welcome... death!"

......☼...+......................
....###°☼.########.######.#......
##.☼.....☼E.{.{R.#.# #.#......
#R.############.#.# #.#......
#..## #.#.######'#......
#....#### #.#.#.............
#..#.☼R.# #.#.#.............
##..####.# #.#.#.............
.........# ###@#.#.############
########.#####...#.#.############
.......#.....#.###.#.............
.#..<#.#.###.#.# #.##############
.#.###.#...#.#.# #...............
.#.###.#.#.#.#.# ######..........
.#.........#.#.# #)......###
.#########.#.#.# #..####.#
.............#.### #..#<.#.#


You could see Azrael.

Vanquished Creatures
  Gastronok (D:9)
  2 orc warlords
  Harold (D:11)
  2 boulder beetles
  4 two-headed ogres
  3 orc high priests
  Lodul (D:11)
  7 orc knights
  3 orc sorcerers
  A deep elf pyromancer (D:10)
  An ugly thing (D:11)
  A manticore (D:12)
  An unseen horror (D:11)
  2 kobold demonologists
  Psyche (D:11)
  4 trolls
  3 wraiths
  3 wyverns (D:9)
  2 vampires (D:10)
  A hog (shapeshifter) (D:10)
  17 yaks
  A basilisk (D:12)
  2 steam dragons
  Menkaure (D:5)
  A vampire mosquito (D:10)
  4 wargs
  An acid dragon (D:11)
  2 water moccasins (D:7)
  38 orc warriors
  5 black bears
  An ice beast (D:7)
  14 ogres
  3 centaurs
  A phantom (D:7)
  A kobold brigand (D:10)
  3 necrophages
  9 bullfrogs
  3 scorpions
  7 wights
  3 killer bees (D:8)
  2 howler monkeys
  A crimson imp (D:9)
  17 orc priests
  3 hounds
  A gnoll bouda (D:4)
  3 iguanas
  23 orc wizards
  11 gnolls
  7 adders
  A shadow imp (D:7)
  2 white imps
  2 ufetubi (D:5)
  A worm (D:2)
  2 dart slugs (D:5)
  63 orcs
  8 ball pythons
  8 endoplasms
  2 giant cockroaches
  6 goblins
  7 hobgoblins
  2 jackals (D:4)
  14 kobolds
  4 quokkas
  4 bats
  2 frilled lizards
  5 rats
362 creatures vanquished.

Vanquished Creatures (others)
  14 fungi
  15 plants (D:8)
29 creatures vanquished.

Grand Total: 391 creatures vanquished

Notes
Turn   | Place    | Note
-------+----------+-------------------------------------------
     0 | D:1      | DildoBatman the Formicid Conjurer began the quest for the
                  | Orb.
     0 | D:1      | Reached XP level 1. HP: 13/13 MP: 3/3
   182 | D:1      | Reached XP level 2. HP: 20/20 MP: 1/5
   185 | D:1      | Learned a level 2 spell: Searing Ray
   401 | D:1      | Reached skill level 1 in Fighting
   457 | D:1      | Reached XP level 3. HP: 21/26 MP: 6/6
   484 | D:1      | Reached skill level 1 in Armour
   851 | D:2      | Found a faded altar of an unknown god.
  1431 | D:3      | Found Lanlon's Magic Scroll Emporium.
  1437 | D:3      | Bought a scroll of identify for 22 gold pieces
  1439 | D:3      | Bought a scroll of identify for 22 gold pieces
  1475 | D:3      | Reached XP level 4. HP: 27/33 MP: 2/8
  1873 | D:3      | Found Koucey's Weapon Shop.
  1879 | D:3      | Reached XP level 5. HP: 36/38 MP: 9/9
  2328 | D:4      | Found a staircase to the Ecumenical Temple.
  2337 | Temple   | Entered the Ecumenical Temple
  2542 | D:5      | Entered Level 5 of the Dungeon
  2544 | D:5      | Reached XP level 6. HP: 46/46 MP: 11/11
  2933 | D:5      | Noticed Menkaure
  3257 | D:5      | Found a shimmering altar of Xom.
  3408 | D:5      | Noticed a black bear
  3795 | D:5      | Found a glowing golden altar of the Shining One.
  3990 | D:6      | Reached XP level 7. HP: 51/52 MP: 13/13
  3991 | D:6      | Reached skill level 5 in Conjurations
  4436 | D:6      | Reached skill level 5 in Spellcasting
  4483 | D:6      | Found a blossoming altar of Fedhas.
  4483 | D:6      | Found an iron altar of Okawaru.
  4558 | D:6      | Found an ornate altar of the Wu Jian Council.
  4561 | D:6      | Found a shimmering blue altar of Sif Muna.
  4563 | D:6      | Found an ancient bone altar of Kikubaaqudgha.
  4567 | D:6      | Found a shadowy altar of Dithmenos.
  4569 | D:6      | Became a worshipper of Kikubaaqudgha
  4621 | D:6      | Found a bloodstained altar of Trog.
  4633 | D:6      | Reached XP level 8. HP: 49/58 MP: 16/16
  4904 | D:6      | Learned a level 3 spell: Conjure Flame
  4908 | D:6      | Learned a level 3 spell: Frozen Ramparts
  5228 | D:4      | Reached skill level 1 in Fire Magic
  5228 | D:4      | Reached skill level 1 in Ice Magic
  5381 | D:4      | Reached XP level 9. HP: 64/64 MP: 19/19
  5396 | D:4      | Reached * piety under Kikubaaqudgha
  5396 | D:4      | Received a gift from Kikubaaqudgha
  5400 | D:4      | Learned a level 2 spell: Sublimation of Blood
  5404 | D:4      | Learned a level 3 spell: Vampiric Draining
  5435 | D:4      | Learned a level 3 spell: Stone Arrow
  6060 | D:5      | Killed Menkaure
  6111 | D:7      | Noticed a troll
  6249 | D:7      | Killed a troll
  6250 | D:7      | Reached skill level 5 in Fighting
  6250 | D:7      | Reached skill level 5 in Armour
  6536 | D:7      | Reached skill level 1 in Necromancy
  6744 | D:7      | Reached XP level 10. HP: 24/74 MP: 17/20
  6752 | D:7      | Reached ** piety under Kikubaaqudgha
  6753 | D:7      | Reached skill level 5 in Necromancy
  7013 | D:7      | Found a snail-covered altar of Cheibriados.
  7541 | D:8      | Found a sparkling altar of Nemelex Xobeh.
  7627 | D:8      | Found a staircase to the Lair.
  7736 | D:8      | Found a hazy altar of Hepliaklqana.
  8001 | D:9      | Noticed a two-headed ogre
  8047 | D:9      | Killed a two-headed ogre
  8048 | D:9      | Reached skill level 5 in Fire Magic
  8062 | D:9      | Noticed a two-headed ogre
  8075 | D:9      | Killed a two-headed ogre
  8092 | D:9      | Reached XP level 11. HP: 61/79 MP: 10/21
  8190 | D:9      | Noticed Gastronok
  8205 | D:9      | You fall into a shaft and drop 1 floor!
  8205 | D:10     | Entered Level 10 of the Dungeon
  8354 | D:10     | Found Haukieh's General Store.
  8593 | D:9      | Learned a level 3 spell: Mephitic Cloud
  8846 | D:9      | Reached skill level 1 in Earth Magic
  9289 | D:9      | Found a burning altar of Makhleb.
  9289 | D:9      | Found a radiant altar of Vehumet.
  9324 | D:9      | Killed Gastronok
  9486 | D:10     | Found Heivago's Antique Armour Shoppe.
  9788 | D:10     | Reached *** piety under Kikubaaqudgha
  9788 | D:10     | Received a gift from Kikubaaqudgha
  9795 | D:10     | Learned a level 4 spell: Dispel Undead
  9921 | D:10     | Found Houng's Distillery.
  9978 | D:10     | Noticed a deep elf pyromancer
  9980 | D:10     | Noticed a boulder beetle
 10108 | D:3      | Bought a scroll of amnesia for 44 gold pieces
 10109 | D:3      | Bought a scroll of amnesia for 44 gold pieces
 10116 | D:3      | Learned a level 5 spell: Borgnjor's Vile Clutch
 10305 | D:10     | Found Hynajep's Distillery.
 10692 | D:10     | Killed a boulder beetle
 10693 | D:10     | Reached skill level 10 in Necromancy
 10718 | D:10     | Killed a deep elf pyromancer
 10719 | D:10     | Reached XP level 12. HP: 64/86 MP: 5/22
 10841 | D:11     | Noticed a two-headed ogre
 10861 | D:11     | Killed a two-headed ogre
 10861 | D:11     | Noticed a two-headed ogre
 10866 | D:11     | Killed a two-headed ogre
 11012 | D:11     | Noticed a boulder beetle
 11019 | D:11     | Killed a boulder beetle
 11048 | D:11     | Noticed Lodul
 11052 | D:11     | Reached skill level 10 in Earth Magic
 11054 | D:11     | Killed Lodul
 11238 | D:11     | Reached **** piety under Kikubaaqudgha
 11328 | D:11     | Found a staircase to the Orcish Mines.
 11787 | D:11     | Noticed Harold
 11802 | D:11     | Killed Harold
 11947 | D:11     | Noticed Psyche
 11951 | D:11     | Killed Psyche
 12082 | Orc:1    | Entered Level 1 of the Orcish Mines
 12222 | Orc:1    | Noticed an orc warlord
 12274 | Orc:1    | Found Riorgh's Antique Armour Shoppe.
 12507 | Orc:2    | Entered Level 2 of the Orcish Mines
 12829 | Orc:2    | Found a staircase to the Elven Halls.
 12950 | Orc:2    | Found Oduog's Jewellery Boutique.
 13202 | Orc:2    | Reached XP level 13. HP: 65/91 MP: 16/24
 13207 | Orc:2    | Noticed an orc warlord
 13539 | Orc:1    | Killed an orc warlord
 13837 | Orc:1    | Reached skill level 10 in Spellcasting
 14012 | Orc:1    | Reached ***** piety under Kikubaaqudgha
 14253 | Orc:1    | Gained mutation: You occasionally lose the ability to drink
                  | potions when taking damage. [a neqoxec]
 14256 | Orc:1    | Reached skill level 1 in Ranged Weapons
 14588 | Orc:2    | Killed an orc warlord
 14764 | Orc:2    | Found Otreud's Antique Armour Boutique.
 14969 | Orc:2    | Found Burolaew's General Store.
 14981 | Orc:2    | Found Puuluela's Antique Weapon Boutique.
 15333 | D:12     | Noticed Azrael
 16054 | D:12     | Killed from afar by Azrael

Illustrated notes

Levels and vault maps discovered:
D:1:      dpeg_arrival_long_road, layout_loops_ring
D:2:      layout_basic, shapermc_ecumenical_altar_mp_vishouse
D:3:      layout_basic, serial_shops, nicolae_shop_bloodbath_and_beyond, shop,
          hex_intersection
D:4:      layout_basic, minmay_temple_entry_junction, minmay_misc_feat_square
D:5:      layout_loops_cross, nicolae_tso_carved_into_rock,
          mainiacjoe_overflow_tiny_flanked, serial_park_tiny_2, uniq_menkaure
D:6:      layout_loops_ring, mainiacjoe_overflow_alcove_1,
          nicolae_overflow_hallway_of_the_gods, grunt_decor_junction,
          minmay_holes
D:7:      minmay_inner_zag, layout_loops_ring, general_overflow_altar,
          minmay_microvault
D:8:      layout_basic, nicolae_hepliaklqana_hazy_memory, lemuel_round_altar,
          lair_entry_dummy
D:9:      layout_basic, grunt_temple_overflow_lords_of_destruction,
          uniq_gastronok
D:10:     minmay_chambers_of_sixes, layout_long_grid, serial_shops, shop,
          nicolae_shop_hallway_plus, shop, nicolae_shop_statue_plus,
          statue_in_the_mist_lemuel, feat_on_display
D:11:     layout_loops_corners, hiddenorc2_lemuel, uniq_harold, uniq_lodul,
          uniq_psyche
D:12:     layout_basic, uniq_azrael
Temple:   hellmonk_temple_forest_ring
Orc:1:    orc_temple, layout_caves, serial_shops,
          nicolae_shop_temple_entry_statues_fountains
Orc:2:    grunt_orc_gardens, layout_caves, grunt_orc_garden, grunt_orc_garden,
          grunt_orc_garden, grunt_orc_garden, special_room

Skill      XL: |  1  2  3  4  5  6  7  8  9 10 11 12 13 |
---------------+----------------------------------------+-----
Dodging        | 2 3 |  3.0
Fighting       | 1 2 3 5 |  5.0
Armour         | 1 2 3 5 |  5.0
Conjurations   | 4 5 6 |  6.0
Spellcasting   | 3 4 5 7 11 | 11.6
Fire Magic     | 1 4 6 |  6.0
Ice Magic      | 1 3 4 |  4.0
Necromancy     | 3 8 10 12 | 12.0
Earth Magic    | 8 11 12 | 12.0
Ranged Weapons | 4 |  4.0
Stealth        | |  2.4

Action                   |  1- 3 |  4- 6 |  7- 9 | 10-12 | 13-15 || total
-------------------------+-------+-------+-------+-------+-------++-------
Melee: Falchion          |    24 |     9 |       |       |       ||    33
       Dagger            |       |     7 |     9 |       |       ||    16
       Halberd           |       |       |    89 |   287 |    10 ||   386
       Punch             |       |       |     3 |     1 |       ||     4
 Fire: Arbalest          |       |       |       |       |   116 ||   116
Throw: Dart              |       |       |       |     1 |       ||     1
 Cast: Magic Dart        |    47 |    33 |    11 |     1 |       ||    92
       Searing Ray       |     6 |    21 |    36 |    22 |       ||    85
       Conjure Flame     |       |       |    14 |    43 |     1 ||    58
       Frozen Ramparts   |       |       |     1 |     2 |       ||     3
       Vampiric Draining |       |       |       |    27 |    14 ||    41
       Borgnjor's Vile C |       |       |       |    52 |    74 ||   126
       Dispel Undead     |       |       |       |     8 |     1 ||     9
       Sublimation of Bl |       |       |       |     1 |     7 ||     8
       Stone Arrow       |       |       |       |     1 |     2 ||     3
 Abil: Dig               |       |     1 |       |     1 |       ||     2
  Use: Scroll            |     2 |     4 |     1 |     7 |     3 ||    17
 Stab: Sleeping          |     1 |     1 |     3 |       |       ||     5
Armor: Robe              |     7 |     2 |    29 |    35 |     3 ||    76
Dodge: Dodged            |    16 |    35 |    94 |    76 |    19 ||   240
